 Dungeon Crawl Stone Soup version 0.22-a0-284-g99d1f74 (webtiles) character file.

1636 Amnesiac the Nimble (level 8, -9/42 HPs)
             Began as a Spriggan Fighter on Mar 21, 2018.
             Was an Initiate of Gozag.
             Mangled by an ogre
             ... wielding a +0 giant club
              (25 damage)
             ... on level 5 of the Dungeon.
             The game lasted 00:11:49 (7044 turns).

Amnesiac the Nimble (Spriggan Fighter)              Turns: 7044, Time: 00:11:50

Health: -9/42      AC:  3    Str: 14    XL:     8   Next: 66%
Magic:  10/10      EV: 23    Int: 10    God:    Gozag
Gold:   1117       SH:  7    Dex: 15    Spells: 7/7 levels left

rFire    . . .     SeeInvis +   b - +0 rapier (venom)
rCold    . . .     Gourm    .   c - +0 buckler
rNeg     . . .     Faith    .   q - +0 robe
rPois    .         Spirit   .   (helmet restricted)
rElec    .         Reflect  .   D - +0 cloak
rCorr    .         Harm     .   (gloves unavailable)
MR       +....                  (boots unavailable)
Stlth    +.........             t - amulet of magic regeneration
HPRegen  0.14/turn              (no ring)
MPRegen  0.37/turn              (no ring)

@: very quick
A: very small, unfitting armour, see invisible, herbivore, speed 3, slow
metabolism 2
a: Potion Petition, Call Merchant, Bribe Branch, Renounce Religion


You were on level 5 of the Dungeon.
You worshipped Gozag.
Gozag was most pleased with you.
You were not hungry.

You visited 1 branch of the dungeon, and saw 5 of its levels.
You also visited: Sewer.

You collected 1183 gold pieces.
You paid 66 gold pieces to Gozag.

Inventory:

Hand Weapons
 a - a +0 long sword
 b - a +0 rapier of venom (weapon)
 g - a +0 hunting sling
Missiles
 h - 10 poisoned needles
 i - 15 sling bullets
 j - 190 stones (quivered)
Armour
 c - a +0 buckler (worn)
 q - a +0 robe (worn)
 D - a +0 cloak (worn)
Jewellery
 t - an amulet of magic regeneration (around neck)
Wands
 x - a wand of iceblast (2)
Scrolls
 d - 3 scrolls of teleportation {!r, unknown}
 k - a scroll of enchant weapon {!r, unknown}
 l - a scroll of blinking {!r, unknown}
 p - a scroll of enchant armour {!r, unknown}
 r - 2 scrolls of amnesia {!r, unknown}
 s - a scroll of fog {!r, unknown}
 u - 2 scrolls of remove curse {!r, unknown}
 v - 2 scrolls of random uselessness {!r, unknown}
 y - a scroll of magic mapping {!r, unknown}
 E - 2 scrolls of identify {!r}
 F - a scroll of fear {!r, unknown}
Potions
 e - a potion of agility {!q}
 m - a potion of might {!q}
 n - a potion of heal wounds {!q}
 o - a potion of ambrosia {!q}
 w - a potion of brilliance {!q}
 z - 2 potions of haste {!q}
 A - a potion of invisibility {!q, unknown}
 B - 3 potions of flight {!q, unknown}
 C - a potion of mutation {!q, unknown}
Comestibles
 f - 7 rations


   Skills:
 + Level 4.7 Fighting
 * Level 5.9 Long Blades
 + Level 8.3 Dodging
 + Level 4.2 Shields
 + Level 1.7 Evocations


You had 7 spell levels left.
You didn't know any spells.

Dungeon Overview and Level Annotations

Branches:
Dungeon (5/15)
 Temple: D:4-7

Altars:
Elyvilon
Gozag
Nemelex Xobeh
Qazlal
Sif Muna
Vehumet
Yredelemnul

Annotations:
D:3 Terence


Innate Abilities, Weirdness & Mutations

You are very small and have problems with some larger weapons.
You are too small for most types of armour.
You have supernaturally acute eyesight. (SInv)
You are a herbivore.
You cover ground extremely quickly.
You need to consume almost no food.


Message History

You hit the orc priest.
You kill the orc priest!
The orc is no longer distracted by gold.
The orc is distracted by the nearby gold.
You hit the orc.
The orc is heavily wounded.
The orc is no longer distracted by gold.
You block the orc's attack.
You hit the orc but do no damage.
The orc is poisoned.
The orc is heavily wounded.
The orc completely misses you.
You hit the orc.
You kill the orc!
The orc is distracted by the nearby gold.
The shadow imp is distracted by the nearby gold.
Items here: $ ))) [[[[ The shadow imp shouts, "Succumb, thou fobbing swag-bellied maggot-pie!"
You hit the orc.
The orc is poisoned.
The orc is no longer distracted by gold.
The orc is lightly wounded.
The orc is distracted by the nearby gold.
The orc shouts!
You hit the orc.
You kill the orc!
You see here 7 gold pieces.
You hit the shadow imp but do no damage.
The shadow imp is no longer distracted by gold.
The shadow imp is distracted by the nearby gold.
You catch the helpless shadow imp completely off-guard!
You hit the shadow imp.
The shadow imp is no longer distracted by gold.
The shadow imp is severely wounded.
You block the shadow imp's attack.
You completely miss the shadow imp.
The shadow imp is severely wounded.
The shadow imp misses you.
You hit the shadow imp.
The shadow imp is almost dead.
The shadow imp closely misses you.
You hit the shadow imp.
You kill the shadow imp!
You now have 1083 gold pieces (gained 8).
You now have 1090 gold pieces (gained 7).
You now have 1117 gold pieces (gained 27).
Items here: ))) [[[[ You start resting.
HP restored.
An ogre comes into view. It is wielding a giant club.
The ogre shouts!
An ogre is nearby!
An ogre is nearby!
You swing at nothing.
You hit the ogre.
The ogre is poisoned.
The ogre is lightly wounded.
You closely miss the ogre.
The ogre is moderately wounded.
The ogre hits you with a giant club!!
* * * LOW HITPOINT WARNING * * *
You hit the ogre.
The ogre looks as sick as possible!
The ogre is heavily wounded.
The ogre hits you with a giant club!!
Ouch! That really hurt!
You die...
Your body crumbles into a pile of gold.

#####.# #.# # #.#
..# # #.# #.# #
... .. # #.# # #.
####### $ .......
##################
#######
#..<..........O@.#
#
#.##############.#
# #.# #.# # #.#
#.# ########## #.#
#.# #.........
##.# #.#
#.######## ...#
#.######.# ####
#...)....#
##########


You could see an ogre.

Vanquished Creatures
  Eustachio (D:5)
  An ice beast (D:5)
  2 ogres
  The ghost of p0werm0de the Skirmisher, an amateur GrCK of Xom (D:4)
  4 big kobolds
  A bullfrog (D:3)
  2 hounds
  4 orc wizards
  Crazy Yiuf (D:4)
  6 orc priests
  A centaur skeleton (D:5)
  An iguana (D:5)
  4 worker ants
  3 gnolls (D:5)
  9 adders
  2 river rats (Sewer)
  A shadow imp (D:5)
  7 oozes
  4 adder zombies
  An adder skeleton (D:3)
  4 worms
  A dart slug (D:2)
  6 leopard geckos
  10 orcs
  8 bats
  3 giant cockroaches
  3 goblins
  11 hobgoblins
  2 jackals (D:1)
  13 kobolds
  2 quokkas
  3 ball pythons
  4 frilled lizards
  A jackal skeleton (D:2)
  8 rats
135 creatures vanquished.

Notes
Turn   | Place    | Note
-------+----------+-------------------------------------------
     0 | D:1      | Amnesiac the Spriggan Fighter began the quest for the Orb.
     0 | D:1      | Reached XP level 1. HP: 11/11 MP: 2/2
    91 | D:2      | Reached XP level 2. HP: 14/16 MP: 3/3
   146 | D:3      | Found an opulent altar of Gozag.
   155 | D:3      | Noticed Terence
   286 | D:3      | Found a transporter.
   287 | D:3      | Found a stormy altar of Qazlal.
   288 | D:3      | Noticed a two-headed ogre
   302 | D:3      | Noticed a bullfrog
   460 | D:3      | Became a worshipper of Gozag Ym Sagoz the Greedy
   492 | D:3      | Found a glowing drain.
   500 | Sewer    | Entered a sewer
   533 | Sewer    | Reached XP level 3. HP: 7/19 MP: 4/4
   792 | Sewer    | Reached skill level 5 in Dodging
   970 | Sewer    | Reached XP level 4. HP: 17/23 MP: 5/5
  1319 | Sewer    | HP: 1/23 [poisoned by an adder]
  1661 | Sewer    | Noticed a big kobold
  1840 | Sewer    | Noticed a big kobold
  1866 | Sewer    | Killed a big kobold
  1866 | Sewer    | Reached XP level 5. HP: 26/28 MP: 6/6
  2171 | Sewer    | Reached XP level 6. HP: 23/32 MP: 7/7
  2310 | Sewer    | Reached skill level 6 in Dodging
  2960 | D:2      | You fall through a shaft!
  3400 | D:2      | Found a basalt altar of Yredelemnul.
  3458 | D:2      | Found a white marble altar of Elyvilon.
  3726 | D:2      | Found a deep blue altar of Sif Muna.
  4083 | D:3      | Reached XP level 7. HP: 21/36 MP: 8/8
  4183 | D:3      | Found a transporter.
  4220 | D:3      | Found a sparkling altar of Nemelex Xobeh.
  4624 | D:4      | Noticed p0werm0de's ghost (amateur GrCK)
  4643 | D:4      | Killed p0werm0de's ghost
  4643 | D:4      | Reached skill level 7 in Dodging
  5408 | D:4      | Found a runed door.
  5794 | D:4      | Noticed Crazy Yiuf
  5816 | D:4      | Killed Crazy Yiuf
  5847 | D:5      | Entered Level 5 of the Dungeon
  6000 | D:5      | Reached skill level 5 in Long Blades
  6122 | D:5      | Noticed Eustachio
  6150 | D:5      | Killed Eustachio
  6150 | D:5      | Reached XP level 8. HP: 26/42 MP: 9/9
  6471 | D:5      | Reached skill level 8 in Dodging
  6640 | D:5      | Reached skill level 1 in Evocations
  6821 | D:5      | Found a radiant altar of Vehumet.
  6908 | D:5      | HP: 1/42 [orc priest/divine providence (12)]
  7044 | D:5      | Mangled by an ogre

Vault maps used:
D:1:      eino_arrival_water_cross
D:2:      kennysheep_ying_yang, led_sif_pool, serial_undead, serial_undead_c,
          serial_undead_b, serial_undead_e, serial_undead_c,
          minmay_close_crescents
D:3:      nemelex_xobeh_ov_fountains_minmay, gammafunk_temple_overflow_arena,
          nicolae_gozag_seed_capital, cheibrodos_sewer_entry_bend,
          grunt_ministairs_5, uniq_terence
D:4:      uniq_crazy_yiuf_cottage
D:5:      led_xom_imps, old_standard_altar, first_ration, uniq_eustachio
Sewer:    sewer_co_tree

Skill      XL: |  1  2  3  4  5  6  7  8 |
---------------+-------------------------+-----
Long Blades    | 2 3 4 5 |  5.9
Dodging        | 5 6 7 8 |  8.3
Fighting       | 3 4 |  4.7
Shields        | 3 4 |  4.2
Evocations     | 1 |  1.7

Action                   |  1- 3 |  4- 6 |  7- 9 || total
-------------------------+-------+-------+-------++-------
Melee: Long sword        |    77 |   279 |   144 ||   500
       Rapier            |       |       |   103 ||   103
 Fire: Hunting sling     |       |       |     1 ||     1
Evoke: Wand              |       |       |     1 ||     1
  Use: Potion            |     2 |     3 |     5 ||    10
       Scroll            |       |       |     3 ||     3
 Stab: Distracted        |     1 |       |     2 ||     3
       Sleeping          |       |     1 |       ||     1
  Eat: Ration            |       |     1 |     3 ||     4
Armor: Robe              |    10 |    16 |    14 ||    40
       Skin              |       |       |    14 ||    14
Dodge: Dodged            |    82 |   195 |   140 ||   417
Block: Buckler           |    25 |    74 |    57 ||   156
       Rpst.: Long sword |    18 |    70 |    31 ||   119

Table legend:
 A = Spawn XP
 B = Non-spawn XP
 C = Spawn XP percentage of total XP
 D = Spawn monster count
 E = Non-spawn monster count
 F = Spawn count percentage of total count
 G = Total turns spent on level
                    A         B        C        D         E        F      G
               +---------+---------+-------+---------+---------+-------+---------
         Total |       0 |    2338 |   0.0 |       0 |     135 |   0.0 |  7044
               +---------+---------+-------+---------+---------+-------+---------
           D:1 |       0 |      20 |   0.0 |       0 |      12 |   0.0 |   443
           D:2 |       0 |     101 |   0.0 |       0 |      28 |   0.0 |  1125
           D:3 |       0 |     279 |   0.0 |       0 |      27 |   0.0 |  1243
           D:4 |       0 |     417 |   0.0 |       0 |       8 |   0.0 |  1200
           D:5 |       0 |    1048 |   0.0 |       0 |      32 |   0.0 |  1197
         Sewer |       0 |     473 |   0.0 |       0 |      28 |   0.0 |  1836
               +---------+---------+-------+---------+---------+-------+---------
